 Dungeon Sprint DCSS version 0.28.0-53-g5a82cb258f (webtiles) character file.

Game seed: 16180436311995800379

1242 Zeld the Fighter (level 8, -2/85 HPs)
             Began as a Minotaur Berserker on June 12, 2022.
             Was a Priest of Trog.
             Slain by Sonja
             ... wielding a +1 short sword of distortion
              (8 damage)
             ... in the Dungeon (Sprint I: "Red Sonja").
             The game lasted 00:01:42 (1027 turns).

Zeld the Fighter (Minotaur Berserker)               Turns: 1027, Time: 00:01:44

Health: -2/85      AC:  2    Str: 23    XL:     8   Next: 25%
Magic:  7/7        EV: 14    Int:  4    God:    Trog [***...]
Gold:   418        SH:  0    Dex: 11    Spells: 7/7 levels left

rFire   . . .      SeeInvis .   a - +0 hand axe
rCold   . . .      Faith    .   (no shield)
rNeg    . . .      Spirit   .   b - +0 animal skin
rPois   .          Reflect  .   (helmet restricted)
rElec   .          Harm     .   (no cloak)
rCorr   .          Rampage  .   (no gloves)
Will    ++...      NoTele   +   (no boots)
Stlth   +.........              (no amulet)
HPRegen 1.24/turn               (no ring)
MPRegen 0.10/turn               (no ring)

@: lethally poisoned (-2 -> -2), strong-willed, on berserk cooldown,
regenerating, hasted and slowed
A: horns 2, retaliatory headbutt
a: Renounce Religion, Berserk, Trog's Hand


You were in the Dungeon.
You worshipped Trog.
Trog was most pleased with you.
You visited 1 branch You collected 418 gold pieces.

Inventory:

Hand Weapons
 a - a +0 hand axe (weapon)
Armour
 b - a +0 animal skin (worn)
Scrolls
 i - a scroll of identify {unknown}
Potions
 e - a potion of haste
 f - 2 potions of magic
 j - a potion of attraction {unknown}


   Skills:
 * Level 12.7 Fighting
 * Level 12.7 Axes
 + Level 9.0 Armour
 + Level 8.2 Dodging
 - Level 4.0 Evocations


You had 7 spell levels left.
You didn't know any spells.
Your spell library was empty.

Dungeon Overview and Level Annotations

Branches:
Dungeon (1/1)

Altars:
Cheibriados
Dithmenos
Elyvilon
Fedhas
Gozag
Hepliaklqana
Kikubaaqudgha
Makhleb
Nemelex Xobeh
Okawaru
Qazlal
Ru
Sif Muna
Trog
Uskayaw
Vehumet
Wu Jian
Xom
Yredelemnul
Zin
The Shining One
Jiyva
Lugonu

Shops:
D [

Annotations:
D Sonja


Innate Abilities, Weirdness & Mutations

You have a pair of horns on your head.
You reflexively headbutt those who attack you in melee.


Message History

Unknown command.
Unknown command.
Sonja throws a curare-tipped dart.
The curare-tipped dart hits you.
You are poisoned.
You have difficulty breathing.
You feel as though you will be slow longer.
You see here a +0 ring mail.
You feel very sick.
Sonja throws a curare-tipped dart.
The curare-tipped dart closely misses you.
You see here 27 gold pieces.
You close the door.
You feel very sick.
Your skin crawls.
You feel strong-willed.
You feel sick.
Sonja breaks down the door.
Sonja says, "I'm academy-trained, you know."
Sonja throws a curare-tipped dart.
The curare-tipped dart barely misses you.
It's broken and can't be closed.
It's broken and can't be closed.
You feel yourself speed up.
You feel sick.
Sonja throws a curare-tipped dart.
The curare-tipped dart barely misses you.
Unknown command.
You feel sick.
You see here a scroll labelled MUKES AMOEN.
You feel sick.
Sonja hits you with a +1 short sword of distortion.
* * * LOW HITPOINT WARNING * * *
Space warps horribly around you!
* * * LOW HITPOINT WARNING * * *
Sonja hits you with a +1 short sword of distortion.
* * * LOW HITPOINT WARNING * * *
Sonja hits you with a +1 short sword of distortion.
* * * LOW HITPOINT WARNING * * *
Sonja hits you with a +1 short sword of distortion.
* * * LOW HITPOINT WARNING * * *
Sonja completely misses you.
Sonja hits you with a +1 short sword of distortion!
You die...

####_..__##_.#'#
#_____###'#.#
#########.###
+$.$+ #$.$#
###.### #$#'#$#
#$!$K$# #$$@?$#
#######


You could see Sonja.

Vanquished Creatures
  2 kobold demonologists (D)
  A slime creature (D)
  Sigmund (D)
  A yak (D)
  A floating eye (D)
  An ogre (D)
  A jelly (D)
  Ijyb (D)
9 creatures vanquished.

Vanquished Creatures (others)
  2 ballistomycete spores (D)
2 creatures vanquished.

Grand Total: 11 creatures vanquished

Notes
Turn   | Place    | Note
-------+----------+-------------------------------------------
     0 | D        | Zeld the Minotaur Berserker began the quest for the Orb.
     0 | D        | Reached XP level 1. HP: 19/19 MP: 0/0
     1 | D        | Noticed Ijyb
    10 | D        | Killed Ijyb
    11 | D        | Reached skill level 5 in Fighting
    11 | D        | Reached skill level 5 in Axes
    11 | D        | Reached XP level 2. HP: 4/29 MP: 1/1
   386 | D        | Noticed an ogre
   389 | D        | Killed an ogre
   390 | D        | Reached skill level 5 in Armour
   390 | D        | Reached XP level 3. HP: 38/39 MP: 2/2
   390 | D        | Reached XP level 4. HP: 46/47 MP: 3/3
   394 | D        | Noticed Sigmund
   407 | D        | Killed Sigmund
   407 | D        | Reached ** piety under Trog
   408 | D        | Reached skill level 5 in Dodging
   408 | D        | Reached XP level 5. HP: 13/56 MP: 4/4
   408 | D        | Reached XP level 6. HP: 15/62 MP: 5/5
   634 | D        | Found a burning altar of Makhleb.
   634 | D        | Found a viscous altar of Jiyva.
   634 | D        | Found a shimmering altar of Xom.
   634 | D        | Found a corrupted altar of Lugonu.
   634 | D        | Noticed a slime creature
   639 | D        | Killed a slime creature
   640 | D        | Reached skill level 10 in Fighting
   640 | D        | Reached skill level 10 in Axes
   684 | D        | Found an ornate altar of the Wu Jian Council.
   684 | D        | Found a shimmering blue altar of Sif Muna.
   686 | D        | Found a radiant altar of Vehumet.
   721 | D        | Found Diva's Antique Armour Emporium.
   721 | D        | Found an ancient bone altar of Kikubaaqudgha.
   721 | D        | Found a hazy altar of Hepliaklqana.
   721 | D        | Found a hide-covered altar of Uskayaw.
   721 | D        | Found a basalt altar of Yredelemnul.
   721 | D        | Found an opulent altar of Gozag.
   721 | D        | Found a snail-covered altar of Cheibriados.
   721 | D        | Found a sacrificial altar of Ru.
   721 | D        | Found a shadowy altar of Dithmenos.
   721 | D        | Noticed a yak
   722 | D        | Found a stormy altar of Qazlal.
   722 | D        | Found a blossoming altar of Fedhas.
   722 | D        | Found a bloodstained altar of Trog.
   722 | D        | Found an iron altar of Okawaru.
   722 | D        | Found a glowing golden altar of the Shining One.
   722 | D        | Found a glowing silver altar of Zin.
   722 | D        | Found a white marble altar of Elyvilon.
   726 | D        | Killed a yak
   727 | D        | Reached XP level 7. HP: 74/74 MP: 6/6
   728 | D        | Found a sparkling altar of Nemelex Xobeh.
   783 | D        | Noticed a kobold demonologist
   783 | D        | Noticed a kobold demonologist
   784 | D        | Noticed a smoke demon
   791 | D        | Killed a kobold demonologist
   791 | D        | Reached *** piety under Trog
   792 | D        | Killed a kobold demonologist
   793 | D        | Reached XP level 8. HP: 85/85 MP: 7/7
  1007 | D        | Noticed Sonja
  1027 | D        | Slain by Sonja

Illustrated notes

Levels and vault maps discovered:
D:        dungeon_sprint_1 [red_sonja_temple_1, red_sonja_temple_small_1]

Skill      XL: |  1  2  3  4  5  6  7 |
---------------+----------------------+-----
Fighting       | 5 7 8 11 12 | 12.7
Axes           | 5 7 9 11 12 | 12.7
Armour         | 3 5 6 7 9 |  9.0
Dodging        | 3 4 5 7 8 |  8.2
Evocations     | 2 3 4 |  4.0

Action                   |  1- 3 |  4- 6 |  7- 9 || total
-------------------------+-------+-------+-------++-------
Melee: Hand axe          |     8 |     9 |     7 ||    24
       Headbutt          |     3 |     3 |     1 ||     7
Invok: Berserk           |     2 |     2 |     1 ||     5
       Trog's Hand       |       |       |     1 ||     1
Evoke: Wand              |       |     3 |       ||     3
  Use: Potion            |       |       |     4 ||     4
       Scroll            |       |       |     1 ||     1
Dodge: Dodged            |     2 |     8 |    11 ||    21
